 Dungeon Crawl Stone Soup version 0.21-a0-228-g14ccbf3 (webtiles) character file.

18 tof the Caller (level 2, 0/19 HPs)
             Began as a Merfolk Summoner on Aug 31, 2017.
             Slain by a worm (12 damage)
             ... on level 2 of the Dungeon.
             The game lasted 00:03:45 (1439 turns).

tof the Caller (Merfolk Summoner)                   Turns: 1439, Time: 00:03:46

Health: 0/19       AC:  2    Str:  8    XL:     2   Next: 70%
Magic:  2/5        EV: 13    Int: 14    God:
Gold:   73         SH:  0    Dex: 14    Spells: 4/5 levels left

rFire    . . .     SeeInvis .   j - +0 short sword (vamp)
rCold    . . .     Gourm    .   (no shield)
rNeg     . . .     Faith    .   e - +0 robe (curse)
rPois    .         Spirit   .   (no helmet)
rElec    .         Reflect  .   (no cloak)
rCorr    .         Harm     .   (no gloves)
MR       .....                  (no boots)
Stlth    ++........             (no amulet)
HPRegen  0.06/turn              (no ring)
MPRegen  0.09/turn              (no ring)

@: no status effects
A: change form in water, swift swim, stealthy swim
a: no special abilities


You were on level 2 of the Dungeon.
You were hungry.

You visited 1 branch of the dungeon, and saw 2 of its levels.

You collected 73 gold pieces.

Inventory:

Hand Weapons
 j - a +0 vampiric short sword (weapon)
Missiles
 h - 7 tomahawks (quivered)
Armour
 a - a +0 robe
 e - a cursed +0 robe (worn)
Scrolls
 l - a scroll of remove curse {unknown}
Potions
 d - a potion of mutation {unknown}
 g - a potion of berserk rage {unknown}
Books
 b - a book of Callings

   Spells                             Type                      Level
   a - Summon Small Mammal            Summoning                    1
   b - Call Imp                       Summoning                    2
   c - Call Canine Familiar           Summoning                    3
   d - Summon Guardian Golem          Hexes/Summoning              3
   e - Summon Lightning Spire         Summoning/Air                4
   f - Summon Ice Beast               Ice/Summoning                4
 k - a book of Maledictions

   Spells                             Type                      Level
   a - Corona                         Hexes                        1
   b - Ensorcelled Hibernation        Hexes/Ice                    2
   c - Confuse                        Hexes                        3
   d - Tukima's Dance                 Hexes                        3
   e - Dazzling Spray                 Conjuration/Hexes            3
Comestibles
 c - a bread ration
 i - 4 fruits


   Skills:
 * Level 3.0 Dodging
 + Level 2.6 Stealth
 + Level 2.1 Spellcasting
 * Level 4.3 Summonings


You had 4 spell levels left.
You knew the following spells:

 Your Spells              Type           Power        Failure   Level  Hunger
a - Summon Small Mammal   Summ           ##..         4%          1    #......


Dungeon Overview and Level Annotations

Branches:
Dungeon (2/15)

Altars:


Message History

Your bat hits the worm but does no damage.
Your bat barely misses the worm. x2; The worm closely misses your bat.
Your bat hits the worm but does no damage. x3
Your bat hits the worm. x2; Your bat barely misses the worm.
Your bat hits the worm but does no damage. x2
Your bat hits the worm.
Your bat hits the worm but does no damage.
Your magical contamination has completely faded away.
Your bat barely misses the worm.
Your bat hits the worm but does no damage. x2
Your bat hits the worm.
Your bat barely misses the worm. x2
The worm bites you.
Your bat hits the worm but does no damage. x2
Your bat hits the worm. You hit the worm but do no damage.
The worm is moderately wounded.
Your bat hits the worm but does no damage. x3
The worm bites you!
Ouch! That really hurt!
You die...

...............
................
.................
.................
..........b... #.....b.#b.
#.......w# #......@?# ####
#........# #... #...(....#
#... ########)(...# ....
#..( ........)....##.....
####...
.......(.............#......
.........#...........#......
.........#..........##......
#.....#.............##......


You could see a worm and 3 friendly bats.

Vanquished Creatures
  A leopard gecko (D:1)
1 creature vanquished.

Vanquished Creatures (collateral kills)
  An adder (D:2)
  A dart slug (D:1)
  2 goblins (D:1)
  A hobgoblin (D:1)
  2 bats (D:2)
  5 kobolds
  2 rats (D:2)
14 creatures vanquished.

Grand Total: 15 creatures vanquished

Notes
Turn   | Place    | Note
-------+----------+-------------------------------------------
     0 | D:1      | tof the Merfolk Summoner began the quest for the Orb.
     0 | D:1      | Reached XP level 1. HP: 13/13 MP: 3/3
   965 | D:2      | Reached XP level 2. HP: 18/19 MP: 1/5
  1439 | D:2      | Slain by a worm

Vault maps used:
D:1:      minmay_arrival_semitransparent

Skill      XL: |  1  2 |
---------------+-------+-----
Dodging        | 3 |  3.0
Stealth        | |  2.6
Spellcasting   | |  2.1
Summonings     | |  4.3

Action                   || total
-------------------------++-------
Melee: Unarmed           ||    21
       Short sword       ||    15
 Cast: Summon Small Mamm ||    26
 Stab: Sleeping          ||     1
  Eat: Meat ration       ||     1
       Chunk             ||     1
Armor: Robe              ||    11
Dodge: Dodged            ||    45

Table legend:
 A = Spawn XP
 B = Non-spawn XP
 C = Spawn XP percentage of total XP
 D = Spawn monster count
 E = Non-spawn monster count
 F = Spawn count percentage of total count
 G = Total turns spent on level
                    A         B        C        D         E        F      G
               +---------+---------+-------+---------+---------+-------+---------
         Total |       3 |      24 |  11.1 |       3 |      12 |  20.0 |  1439
               +---------+---------+-------+---------+---------+-------+---------
           D:1 |       1 |       8 |  11.1 |       1 |       5 |  16.7 |   904
           D:2 |       2 |      16 |  11.1 |       2 |       7 |  22.2 |   535
               +---------+---------+-------+---------+---------+-------+---------
